 Dungeon Crawl Stone Soup version 0.17.1-3-g152610e (webtiles) character file.

2382 Heskey the Nimble (level 9, -2/45 HPs)
             Began as a Spriggan Assassin on Mar 24, 2016.
             Was a Follower of Nemelex Xobeh.
             Slain by a cyan ugly thing (15 damage)
             ... summoned by the player character
             ... on level 6 of the Dungeon.
             The game lasted 00:23:09 (8767 turns).

Heskey the Nimble (Spriggan Assassin)               Turns: 8767, Time: 00:23:34

Health: -2/45      AC:  5    Str:  8    XL:     9   Next: 22%
Magic:  13/13      EV: 26    Int: 13    God:    Nemelex Xobeh [*.....]
Gold:   268        SH:  0    Dex: 19    Spells: 0 memorised, 8 levels left

rFire  . . .     SeeInvis +     o - +2 dagger (venom)
rCold  . . .     Clarity  .     j - +0 robe (curse)
rNeg   . . .     SustAt   .     (shield restricted)
rPois  .         Gourm    .     (helmet restricted)
rElec  .         Spirit   .     v - +2 cloak
rCorr  .         Warding  .     (gloves unavailable)
rMut   .         Stasis   .     (boots unavailable)
MR     +....                    (no amulet)
Stlth  ++++......               (no ring)
                                (no ring)

@: very quick, somewhat resistant to hostile enchantments, stealthy
A: unfitting armour, see invisible, herbivore 3, speed 3, slow metabolism 2
a: Renounce Religion


You were on level 6 of the Dungeon.
You worshipped Nemelex Xobeh.
Nemelex Xobeh was aware of your devotion.
You were not hungry.

You visited 2 branches of the dungeon, and saw 7 of its levels.

You collected 268 gold pieces.

Inventory:

Hand Weapons
 b - a +0 blowgun
 o - a +2 dagger of venom (weapon)
Missiles
 e - 41 poisoned needles
 f - 2 curare-tipped needles
Armour
 d - a +1 cloak
 j - a cursed +0 robe (worn)
 v - a +2 cloak (worn)
Scrolls
 m - a scroll of enchant weapon
 n - a scroll of recharging {unknown}
 p - 9 scrolls of identify
 q - 3 scrolls of remove curse {unknown}
 r - a scroll of enchant armour
 t - a scroll of random uselessness
Potions
 h - a potion of haste
 k - 2 potions of heal wounds
 l - a potion of brilliance
 s - 3 potions of agility
Miscellaneous
 u - a plain deck of war {drawn: 3}
Comestibles
 g - 3 bread rations
 i - a slice of pizza


   Skills:
 + Level 4.1 Fighting
 * Level 7.9 Short Blades
 + Level 4.7 Throwing
 * Level 9.3 Dodging
 - Level 7.9 Stealth
 + Level 4.0 Evocations


You had 8 spell levels left.
You didn't know any spells.

Dungeon Overview and Level Annotations

Branches:
Dungeon (6/15)             Temple (1/1) D:4

Altars:
Ashenzari
Cheibriados
Dithmenos
Kikubaaqudgha
Makhleb
Nemelex Xobeh
Okawaru
Trog
Vehumet
Xom
Yredelemnul
Lugonu

Annotations:
D:6 Pikel


Innate Abilities, Weirdness & Mutations

You are tiny and cannot use many weapons and most armour.
You have supernaturally acute eyesight.
You are a herbivore.
You cover ground extremely quickly.
You need consume almost no food.


Message History

The wight misses you.
You hit the wight but do no damage.
The wight is moderately damaged.
The jackal closely misses you. The wight hits you but does no damage.
You hit the wight but do no damage.
The wight is moderately damaged.
The jackal misses you. The wight misses you. The wight closely misses you.
The jackal completely misses you.
Things that are here:
a dagger; a robe Evoke which item? (* to show all) (? for menu, Esc to quit)
You draw a card...
It is Repulsiveness.
The jackal completely misses you.
The wight hits your red ugly thing but does no damage.
You hit the cyan ugly thing.
The cyan ugly thing is poisoned.
The cyan ugly thing is lightly wounded.
The jackal completely misses you. The cyan ugly thing tail-slaps you!
* * * LOW HITPOINT WARNING * * *
The cyan ugly thing shocks you!
You die...
Your body disappears without a glow.

#### .... #########
... ######.......##
... #..u...#####..#
#..
##zh@u.######.#####.#
#zz###...........##%#
..oz##
########.##....#
###.# #.....### #..
##.#..# #..# #...####
...# ##...... ...
##...## ####....##


You could see a cyan ugly thing, 4 wights, an orc, a jackal and a friendly red
ugly thing.

Vanquished Creatures
  Grinder (D:3)
  Prince Ribbit (D:6)
  Menkaure (D:4)
  Edmund (D:4)
  2 sky beasts (D:6)
  A phantom (D:4)
  A necrophage (D:6)
  An ice beast (D:5)
  4 ogres
  3 slaves (D:6)
  2 giant frogs (D:6)
  A wight (D:6)
  2 crimson imps
  A gnoll shaman (D:3)
  Crazy Yiuf (D:3)
  A giant frog zombie (D:5)
  An orc priest (D:4)
  6 orc wizards
  4 worker ants
  Jessica (D:3)
  An iguana (D:5)
  2 gnolls (D:1)
  6 adders
  An ooze (D:1)
  5 worms
  A giant gecko (D:1)
  14 orcs
  2 ball pythons
  10 bats
  4 giant cockroaches
  8 goblins
  6 hobgoblins
  2 jackals (D:6)
  3 kobolds
  4 giant newts
  A quokka (D:3)
  A quokka zombie (D:3)
  5 rats (D:1)
112 creatures vanquished.

Vanquished Creatures (collateral kills)
  4 wights (D:6)
4 creatures vanquished.

Grand Total: 116 creatures vanquished

Notes
Turn   | Place    | Note
--------------------------------------------------------------
     0 | D:1      | Heskey the Spriggan Assassin began the quest for the Orb.
     0 | D:1      | Reached XP level 1. HP: 10/10 MP: 2/2
    97 | D:1      | Reached XP level 2. HP: 13/15 MP: 3/3
   244 | D:1      | Reached XP level 3. HP: 18/18 MP: 4/4
   561 | D:1      | Reached skill level 6 in Stealth
  1543 | D:2      | Reached XP level 4. HP: 23/23 MP: 5/5
  1743 | D:3      | Noticed Jessica
  1749 | D:3      | Noticed Grinder
  1754 | D:3      | Killed Jessica
  1765 | D:3      | Killed Grinder
  1765 | D:3      | Reached XP level 5. HP: 14/27 MP: 6/6
  1765 | D:3      | Reached XP level 6. HP: 16/32 MP: 7/7
  2772 | D:3      | Noticed Crazy Yiuf
  2809 | D:3      | Killed Crazy Yiuf
  2975 | D:4      | Reached skill level 7 in Stealth
  3067 | D:4      | Found a staircase to the Ecumenical Temple.
  3848 | D:3      | HP: 1/32 [poisoned by a worker ant]
  4237 | D:3      | Reached skill level 5 in Short Blades
  4237 | D:3      | Reached skill level 5 in Dodging
  4237 | D:3      | Reached XP level 7. HP: 13/35 MP: 8/8
  4984 | Temple   | Entered the Ecumenical Temple
  5134 | Temple   | Became a worshipper of Nemelex Xobeh the Trickster
  5282 | D:4      | Received a gift from Nemelex Xobeh
  5282 | D:4      | Noticed Edmund
  5313 | D:4      | Killed Edmund
  5386 | D:4      | Noticed Menkaure
  6391 | D:4      | Killed Menkaure
  6391 | D:4      | Reached skill level 1 in Evocations
  6391 | D:4      | Reached XP level 8. HP: 17/40 MP: 9/9
  6445 | D:4      | HP: 1/40 [ogre/giant spiked club (22)]
  6848 | D:4      | HP: 2/40 [ogre/giant spiked club (17)]
  7283 | D:4      | Found a radiant altar of Vehumet.
  7410 | D:5      | Entered Level 5 of the Dungeon
  7468 | D:5      | Reached * piety under Nemelex Xobeh
  7787 | D:5      | Reached skill level 8 in Dodging
  7837 | D:5      | Received a gift from Nemelex Xobeh
  8053 | D:5      | Found an iron altar of Okawaru.
  8054 | D:5      | Found a shadowy altar of Dithmenos.
  8122 | D:6      | Noticed Pikel
  8668 | D:6      | Reached XP level 9. HP: 45/45 MP: 12/12
  8699 | D:6      | Noticed Prince Ribbit
  8724 | D:6      | Killed Prince Ribbit
  8724 | D:6      | Reached skill level 9 in Dodging
  8765 | D:6      | Noticed a cyan ugly thing
  8767 | D:6      | Slain by a cyan ugly thing

Action                   |  1- 3 |  4- 6 |  7- 9 || total
-------------------------+-------+-------+-------++-------
Melee: Dagger            |    90 |   199 |   302 ||   591
 Fire: Blowgun           |       |    12 |    23 ||    35
Evoke: Deck              |       |       |    10 ||    10
  Use: Scroll            |     4 |       |     4 ||     8
       Potion            |       |     9 |     1 ||    10
 Stab: Sleeping          |    14 |     5 |    11 ||    30
       Distracted        |       |     1 |     1 ||     2
  Eat: Royal jelly       |       |     1 |       ||     1
       Bread ration      |       |       |     1 ||     1
